Map: Lerilak Crest

Players

YourMother - Winner!

  • Race: Protoss Protoss
  • League: Diamond

Drumtest - Winner!

  • Race: Protoss Protoss
  • League: Platinum

Bepis

  • Race: Terran Terran
  • League: Bronze

omegabanana

  • Race: Terran Terran
  • League: Diamond

VOD

Have the link to the VOD?

Description

Time

  • Played on: Oct. 12, 2015, 9:58 p.m.
  • Length: 9:12
Show
View Real Time Build Order
Export as new Build Order

YourMother Protoss - Winner!

Build Orders: 1 Gate Expand 

Get SALT Encoding   

  12  0:01  Probe (Chrono Boost)  
  13  0:12  Probe (Chrono Boost)  
  14  0:18  Pylon  
  14  0:23  Probe (Chrono Boost)  
  15  0:37  Probe (Chrono Boost)  
  15  0:38  Gateway  
  16  0:47  Probe (Chrono Boost)  
  17  0:54  Assimilator  
  17  0:58  Probe (Chrono Boost)  
  18  1:08  Probe (Chrono Boost)  
  19  1:20  Probe (Chrono Boost)  
  20  1:27  Nexus  
  20  1:38  Cybernetics Core  
  20  1:40  Probe (Chrono Boost)  
  21  1:51  Probe (Chrono Boost)  
  21  1:52  Pylon  
  22  1:57  Assimilator  
  22  2:02  Probe (Chrono Boost)  
  23  2:15  Mothership Core (Chrono Boost)  
  25  2:18  Adept  
  27  2:34  Warp Gate  
  27  2:40  Probe (Chrono Boost)  
  27  2:42  Probe (Chrono Boost)  
  29  2:47  Adept  
  29  2:51  Probe (Chrono Boost)  
  32  2:55  Probe (Chrono Boost)  
  33  3:01  Probe (Chrono Boost)  
  33  3:05  Probe (Chrono Boost), Robotics Facility  
  35  3:12  Probe (Chrono Boost)  
  36  3:16  Probe (Chrono Boost)  
  36  3:17  Pylon  
  37  3:22  Probe (Chrono Boost)  
  37  3:26  Probe (Chrono Boost)  
  39  3:33  Probe (Chrono Boost)  
  40  3:35  Pylon  
  40  3:37  Probe (Chrono Boost)  
  41  3:44  Probe (Chrono Boost)  
  41  3:47  Probe (Chrono Boost)  
  43  3:52  Gateway  
  43  3:54  Gateway, Warp Prism  
  45  4:00  Probe (Chrono Boost)  
  45  4:02  Probe (Chrono Boost), Gateway  
  47  4:07  Assimilator  
  47  4:09  Assimilator  
  47  4:11  Probe (Chrono Boost)  
  47  4:12  Probe (Chrono Boost)  
  49  4:21  Probe (Chrono Boost)  
  49  4:24  Pylon  
  50  4:30  Probe (Chrono Boost)  
  51  4:38  Observer  
  52  4:39  Probe (Chrono Boost)  
  52  4:45  Probe (Chrono Boost), Adept  
  56  4:48  Adept  
  58  4:54  Forge  
  58  4:59  Twilight Council, Immortal (Chrono Boost)  
  62  5:12  Gateway  
  62  5:13  Gateway, Nexus  
  62  5:14  Sentry x3  
  66  5:17  Pylon  
  68  5:25  Protoss Ground Armor Level 1 (Chrono Boost)  
  68  5:30  Pylon  
  68  5:31  Immortal (Chrono Boost)  
  68  5:34  Probe  
  73  5:42  Probe  
  74  5:46  Probe, Blink (Chrono Boost)  
  75  5:54  Probe  
  75  5:56  Stalker x3  
  82  6:00  Stalker  
  84  6:11  Probe  
  84  6:15  Pylon  
  85  6:19  Pylon  
  85  6:26  Pylon  
  85  6:28  Probe x2, Pylon  
  85  6:30  Stalker x3  
  93  6:34  Forge  
  93  6:35  Probe  
  93  6:39  Templar Archives  
  94  6:40  Probe  
  94  6:43  Zealot  
  94  6:46  Probe  
  98  6:49  Probe  
  98  6:52  Probe  
  100  6:55  Stalker  
  102  7:07  Stalker x4  
  110  7:16  Immortal  
  110  7:18  Stalker x2  
  116  7:31  Stalker x4  
  108  7:58  Probe, Adept x3  
  108  7:59  Probe, Adept x3  
  122  8:08  Immortal  
  122  8:10  Probe x2  
  122  8:13  Assimilator  
  122  8:16  Probe, Robotics Facility  
  122  8:17  Assimilator  
  122  8:18  Gateway  
  123  8:20  Gateway  
  123  8:22  Pylon  
  119  8:33  Probe  
  110  8:38  Pylon  
  110  8:39  Probe  
  109  8:47  Probe  
  112  8:59  Pylon  
  112  9:00  Pylon  
Show
View Real Time Build Order
Export as new Build Order

Drumtest Protoss - Winner!

Build Orders:  

Get SALT Encoding   

  12  0:01  SCV  
  13  0:13  SCV  
  14  0:18  Supply Depot  
  14  0:25  SCV  
  15  0:39  SCV  
  15  0:41  Barracks  
  16  0:51  SCV  
  17  1:03  SCV  
  18  1:16  Command Center  
  18  1:18  SCV  
  19  1:30  Orbital Command  
  19  1:34  Marine  
  19  1:39  Supply Depot  
  20  1:51  Marine  
  21  1:57  SCV  
  22  2:04  Barracks  
  22  2:07  Barracks  
  22  2:09  SCV  
  23  2:17  Refinery  
  23  2:18  Refinery  
  23  2:20  Marine  
  23  2:21  SCV  
  25  2:27  Bunker  
  25  2:34  SCV  
  26  2:46  SCV, Marine  
  26  2:50  Orbital Command  
  28  2:54  Marine x2  
  29  3:00  SCV  
  30  3:05  Barracks Tech Lab  
  30  3:07  Factory  
  30  3:14  Bunker  
  30  3:15  SCV  
  30  3:17  SCV  
  32  3:20  Marine  
  32  3:23  Marine  
  32  3:24  Marine  
  33  3:30  Stimpack  
  33  3:31  SCV  
  33  3:33  SCV  
  35  3:37  Marine  
  35  3:41  Marine  
  37  3:44  SCV  
  37  3:45  SCV  
  37  3:48  Marine  
  40  3:49  Supply Depot  
  40  3:55  Starport  
  40  3:56  Factory Tech Lab  
  40  3:58  SCV  
  40  3:59  SCV  
  42  4:03  Refinery  
  42  4:08  Refinery, Marine  
  43  4:10  SCV, Marine  
  43  4:11  Marine  
  43  4:13  SCV  
  46  4:26  SCV, Marine  
  46  4:27  SCV  
  46  4:28  Marine  
  48  4:35  Engineering Bay  
  48  4:36  Medivac  
  51  4:38  SCV  
  51  4:39  SCV  
  52  4:48  Marine  
  52  4:49  Barracks Reactor, Barracks Tech Lab  
  53  4:55  SCV  
  53  4:57  Supply Depot  
  54  5:10  SCV, Siege Tank, Medivac  
  54  5:11  Combat Shields  
  54  5:12  Marauder  
  62  5:18  SCV  
  62  5:19  Supply Depot  
  62  5:20  Supply Depot  
  63  5:22  Marauder  
  63  5:23  SCV  
  66  5:30  Terran Infantry Weapons Level 1, SCV  
  66  5:34  Marine x2  
  70  5:35  SCV  
  70  5:41  Marauder  
  70  5:42  Medivac  
  74  5:46  Supply Depot  
  74  5:47  SCV  
  74  5:49  SCV  
  73  5:59  SCV  
  73  6:01  SCV, Marauder  
  73  6:03  Marine  
  78  6:09  Siege Tank  
  81  6:14  Supply Depot  
  81  6:15  Medivac  
  83  6:19  Marine  
  83  6:20  Marauder  
  83  6:24  Concussive Shells  
  84  6:28  SCV  
  84  6:29  SCV  
  84  6:30  Marauder  
  88  6:35  Marine  
  88  6:36  Supply Depot  
  89  6:41  Siege Tank  
  89  6:42  Marine  
  89  6:43  Marauder  
  89  6:44  SCV  
  89  6:45  SCV  
  97  6:51  Viking  
  99  7:00  Supply Depot  
  99  7:01  Marauder  
  101  7:02  Marine x2  
  105  7:08  Marauder  
  102  7:23  SCV  
  102  7:24  Command Center  
  102  7:26  SCV  
  103  7:35  SCV  
  104  7:38  SCV  
  104  7:39  Marauder  
  103  7:48  SCV  
  103  7:49  Medivac  
  103  7:50  Siege Tank, Marine x2  
  95  7:53  Marauder  
  95  7:55  SCV  
  75  8:24  SCV  
  75  8:25  SCV  
  67  9:02  Barracks  
  74  9:04  Barracks  
Show
View Real Time Build Order
Export as new Build Order

Bepis Terran 

Build Orders:  

Get SALT Encoding   

Show
View Real Time Build Order
Export as new Build Order

omegabanana Terran 

Build Orders:  

Get SALT Encoding   

Tags
 
Add a new tag
Caveats
  • Supply blocks, unpowered buildings, or Contaminate may cause inaccurate times.
  • Supply counts are checked every 10 seconds.